Workbook

Sheet 住居費
E1: 入力 | F1: 自動計算
B2: 住居費整理シート
C3: № | D3: 1 | G3: 2 | J3: 3 | M3: 4 | P3: 5 | S3: 6 | V3: 7 | Y3: 8 | AB3: 9 | AE3: 10
C4: 適用開始年
C5: 本人年齢
C6: 変更理由
B7: 区分 | C7: 内訳 | D7: 1か月（円） | E7: 1年（円） | F7: CF表入力額（万円） | G7: 1か月（円） | H7: 1年（円） | I7: CF表入力額（万円） | J7: 1か月（円） | K7: 1年（円） | L7: CF表入力額（万円） | M7: 1か月（円） | N7: 1年（円） | O7: CF表入力額（万円） | P7: 1か月（円） | Q7: 1年（円） | R7: CF表入力額（万円） | S7: 1か月（円） | T7: 1年（円） | U7: CF表入力額（万円） | V7: 1か月（円） | W7: 1年（円） | X7: CF表入力額（万円） | Y7: 1か月（円） | Z7: 1年（円） | AA7: CF表入力額（万円） | AB7: 1か月（円） | AC7: 1年（円） | AD7: CF表入力額（万円） | AE7: 1か月（円） | AF7: 1年（円） | AG7: CF表入力額（万円）
B8: 賃貸 | C8: 月払い | D8: =SUM(D9:D12) -> 0 | E8: =SUM(E9:E12) -> 0 | F8: =E8/10000 -> 0 | G8: =SUM(G9:G12) -> 0 | H8: =SUM(H9:H12) -> 0 | I8: =H8/10000 -> 0 | J8: =SUM(J9:J12) -> 0 | K8: =SUM(K9:K12) -> 0 | L8: =K8/10000 -> 0 | M8: =SUM(M9:M12) -> 0 | N8: =SUM(N9:N12) -> 0 | O8: =N8/10000 -> 0 | P8: =SUM(P9:P12) -> 0 | Q8: =SUM(Q9:Q12) -> 0 | R8: =Q8/10000 -> 0 | S8: =SUM(S9:S12) -> 0 | T8: =SUM(T9:T12) -> 0 | U8: =T8/10000 -> 0 | V8: =SUM(V9:V12) -> 0 | W8: =SUM(W9:W12) -> 0 | X8: =W8/10000 -> 0 | Y8: =SUM(Y9:Y12) -> 0 | Z8: =SUM(Z9:Z12) -> 0 | AA8: =Z8/10000 -> 0 | AB8: =SUM(AB9:AB12) -> 0 | AC8: =SUM(AC9:AC12) -> 0 | AD8: =AC8/10000 -> 0 | AE8: =SUM(AE9:AE12) -> 0 | AF8: =SUM(AF9:AF12) -> 0 | AG8: =AF8/10000 -> 0
C9: 家賃 | E9: =IF(D9="","",D9*12) | F9: =IF(E9="","",E9/10000) | G9: =IF(D9="","",D9) | H9: =IF(G9="","",G9*12) | I9: =IF(H9="","",H9/10000) | J9: =IF(G9="","",G9) | K9: =IF(J9="","",J9*12) | L9: =IF(K9="","",K9/10000) | M9: =IF(J9="","",J9) | N9: =IF(M9="","",M9*12) | O9: =IF(N9="","",N9/10000) | P9: =IF(M9="","",M9) | Q9: =IF(P9="","",P9*12) | R9: =IF(Q9="","",Q9/10000) | S9: =IF(P9="","",P9) | T9: =IF(S9="","",S9*12) | U9: =IF(T9="","",T9/10000) | V9: =IF(S9="","",S9) | W9: =IF(V9="","",V9*12) | X9: =IF(W9="","",W9/10000) | Y9: =IF(V9="","",V9) | Z9: =IF(Y9="","",Y9*12) | AA9: =IF(Z9="","",Z9/10000) | AB9: =IF(Y9="","",Y9) | AC9: =IF(AB9="","",AB9*12) | AD9: =IF(AC9="","",AC9/10000) | AE9: =IF(AB9="","",AB9) | AF9: =IF(AE9="","",AE9*12) | AG9: =IF(AF9="","",AF9/10000)
C10: 管理費・共益費 | E10: =IF(D10="","",D10*12) | F10: =IF(E10="","",E10/10000) | G10: =IF(D10="","",D10) | H10: =IF(G10="","",G10*12) | I10: =IF(H10="","",H10/10000) | J10: =IF(G10="","",G10) | K10: =IF(J10="","",J10*12) | L10: =IF(K10="","",K10/10000) | M10: =IF(J10="","",J10) | N10: =IF(M10="","",M10*12) | O10: =IF(N10="","",N10/10000) | P10: =IF(M10="","",M10) | Q10: =IF(P10="","",P10*12) | R10: =IF(Q10="","",Q10/10000) | S10: =IF(P10="","",P10) | T10: =IF(S10="","",S10*12) | U10: =IF(T10="","",T10/10000) | V10: =IF(S10="","",S10) | W10: =IF(V10="","",V10*12) | X10: =IF(W10="","",W10/10000) | Y10: =IF(V10="","",V10) | Z10: =IF(Y10="","",Y10*12) | AA10: =IF(Z10="","",Z10/10000) | AB10: =IF(Y10="","",Y10) | AC10: =IF(AB10="","",AB10*12) | AD10: =IF(AC10="","",AC10/10000) | AE10: =IF(AB10="","",AB10) | AF10: =IF(AE10="","",AE10*12) | AG10: =IF(AF10="","",AF10/10000)
C11: 駐車場代 | E11: =IF(D11="","",D11*12) | F11: =IF(E11="","",E11/10000) | G11: =IF(D11="","",D11) | H11: =IF(G11="","",G11*12) | I11: =IF(H11="","",H11/10000) | J11: =IF(G11="","",G11) | K11: =IF(J11="","",J11*12) | L11: =IF(K11="","",K11/10000) | M11: =IF(J11="","",J11) | N11: =IF(M11="","",M11*12) | O11: =IF(N11="","",N11/10000) | P11: =IF(M11="","",M11) | Q11: =IF(P11="","",P11*12) | R11: =IF(Q11="","",Q11/10000) | S11: =IF(P11="","",P11) | T11: =IF(S11="","",S11*12) | U11: =IF(T11="","",T11/10000) | V11: =IF(S11="","",S11) | W11: =IF(V11="","",V11*12) | X11: =IF(W11="","",W11/10000) | Y11: =IF(V11="","",V11) | Z11: =IF(Y11="","",Y11*12) | AA11: =IF(Z11="","",Z11/10000) | AB11: =IF(Y11="","",Y11) | AC11: =IF(AB11="","",AB11*12) | AD11: =IF(AC11="","",AC11/10000) | AE11: =IF(AB11="","",AB11) | AF11: =IF(AE11="","",AE11*12) | AG11: =IF(AF11="","",AF11/10000)
C12: その他 | E12: =IF(D12="","",D12*12) | F12: =IF(E12="","",E12/10000) | G12: =IF(D12="","",D12) | H12: =IF(G12="","",G12*12) | I12: =IF(H12="","",H12/10000) | J12: =IF(G12="","",G12) | K12: =IF(J12="","",J12*12) | L12: =IF(K12="","",K12/10000) | M12: =IF(J12="","",J12) | N12: =IF(M12="","",M12*12) | O12: =IF(N12="","",N12/10000) | P12: =IF(M12="","",M12) | Q12: =IF(P12="","",P12*12) | R12: =IF(Q12="","",Q12/10000) | S12: =IF(P12="","",P12) | T12: =IF(S12="","",S12*12) | U12: =IF(T12="","",T12/10000) | V12: =IF(S12="","",S12) | W12: =IF(V12="","",V12*12) | X12: =IF(W12="","",W12/10000) | Y12: =IF(V12="","",V12) | Z12: =IF(Y12="","",Y12*12) | AA12: =IF(Z12="","",Z12/10000) | AB12: =IF(Y12="","",Y12) | AC12: =IF(AB12="","",AB12*12) | AD12: =IF(AC12="","",AC12/10000) | AE12: =IF(AB12="","",AB12) | AF12: =IF(AE12="","",AE12*12) | AG12: =IF(AF12="","",AF12/10000)
C13: 年払い | E13: =SUM(E14:E16) -> 0 | F13: =E13/10000 -> 0 | H13: =SUM(H14:H16) -> 0 | I13: =H13/10000 -> 0 | K13: =SUM(K14:K16) -> 0 | L13: =K13/10000 -> 0 | N13: =SUM(N14:N16) -> 0 | O13: =N13/10000 -> 0 | Q13: =SUM(Q14:Q16) -> 0 | R13: =Q13/10000 -> 0 | T13: =SUM(T14:T16) -> 0 | U13: =T13/10000 -> 0 | W13: =SUM(W14:W16) -> 0 | X13: =W13/10000 -> 0 | Z13: =SUM(Z14:Z16) -> 0 | AA13: =Z13/10000 -> 0 | AC13: =SUM(AC14:AC16) -> 0 | AD13: =AC13/10000 -> 0 | AF13: =SUM(AF14:AF16) -> 0 | AG13: =AF13/10000 -> 0
C14: 更新料 | F14: =IF(E14="","",E14/10000) | H14: =IF(E14="","",E14) | I14: =IF(H14="","",H14/10000) | K14: =IF(H14="","",H14) | L14: =IF(K14="","",K14/10000) | N14: =IF(K14="","",K14) | O14: =IF(N14="","",N14/10000) | Q14: =IF(N14="","",N14) | R14: =IF(Q14="","",Q14/10000) | T14: =IF(Q14="","",Q14) | U14: =IF(T14="","",T14/10000) | W14: =IF(T14="","",T14) | X14: =IF(W14="","",W14/10000) | Z14: =IF(W14="","",W14) | AA14: =IF(Z14="","",Z14/10000) | AC14: =IF(Z14="","",Z14) | AD14: =IF(AC14="","",AC14/10000) | AF14: =IF(AC14="","",AC14) | AG14: =IF(AF14="","",AF14/10000)
C15: 保証会社更新料 | F15: =IF(E15="","",E15/10000) | H15: =IF(E15="","",E15) | I15: =IF(H15="","",H15/10000) | K15: =IF(H15="","",H15) | L15: =IF(K15="","",K15/10000) | N15: =IF(K15="","",K15) | O15: =IF(N15="","",N15/10000) | Q15: =IF(N15="","",N15) | R15: =IF(Q15="","",Q15/10000) | T15: =IF(Q15="","",Q15) | U15: =IF(T15="","",T15/10000) | W15: =IF(T15="","",T15) | X15: =IF(W15="","",W15/10000) | Z15: =IF(W15="","",W15) | AA15: =IF(Z15="","",Z15/10000) | AC15: =IF(Z15="","",Z15) | AD15: =IF(AC15="","",AC15/10000) | AF15: =IF(AC15="","",AC15) | AG15: =IF(AF15="","",AF15/10000)
C16: その他 | F16: =IF(E16="","",E16/10000) | H16: =IF(E16="","",E16) | I16: =IF(H16="","",H16/10000) | K16: =IF(H16="","",H16) | L16: =IF(K16="","",K16/10000) | N16: =IF(K16="","",K16) | O16: =IF(N16="","",N16/10000) | Q16: =IF(N16="","",N16) | R16: =IF(Q16="","",Q16/10000) | T16: =IF(Q16="","",Q16) | U16: =IF(T16="","",T16/10000) | W16: =IF(T16="","",T16) | X16: =IF(W16="","",W16/10000) | Z16: =IF(W16="","",W16) | AA16: =IF(Z16="","",Z16/10000) | AC16: =IF(Z16="","",Z16) | AD16: =IF(AC16="","",AC16/10000) | AF16: =IF(AC16="","",AC16) | AG16: =IF(AF16="","",AF16/10000)
B17: 持ち家 | C17: 月払い | D17: =SUM(D18:D23) -> 0 | E17: =SUM(E18:E23) -> 0 | F17: =E17/10000 -> 0 | G17: =SUM(G18:G23) -> 0 | H17: =SUM(H18:H23) -> 0 | I17: =H17/10000 -> 0 | J17: =SUM(J18:J23) -> 0 | K17: =SUM(K18:K23) -> 0 | L17: =K17/10000 -> 0 | M17: =SUM(M18:M23) -> 0 | N17: =SUM(N18:N23) -> 0 | O17: =N17/10000 -> 0 | P17: =SUM(P18:P23) -> 0 | Q17: =SUM(Q18:Q23) -> 0 | R17: =Q17/10000 -> 0 | S17: =SUM(S18:S23) -> 0 | T17: =SUM(T18:T23) -> 0 | U17: =T17/10000 -> 0 | V17: =SUM(V18:V23) -> 0 | W17: =SUM(W18:W23) -> 0 | X17: =W17/10000 -> 0 | Y17: =SUM(Y18:Y23) -> 0 | Z17: =SUM(Z18:Z23) -> 0 | AA17: =Z17/10000 -> 0 | AB17: =SUM(AB18:AB23) -> 0 | AC17: =SUM(AC18:AC23) -> 0 | AD17: =AC17/10000 -> 0 | AE17: =SUM(AE18:AE23) -> 0 | AF17: =SUM(AF18:AF23) -> 0 | AG17: =AF17/10000 -> 0
C18: 住宅ローン返済額 | E18: =IF(D18="","",D18*12) | F18: =IF(E18="","",E18/10000) | G18: =IF(D18="","",D18) | H18: =IF(G18="","",G18*12) | I18: =IF(H18="","",H18/10000) | J18: =IF(G18="","",G18) | K18: =IF(J18="","",J18*12) | L18: =IF(K18="","",K18/10000) | M18: =IF(J18="","",J18) | N18: =IF(M18="","",M18*12) | O18: =IF(N18="","",N18/10000) | P18: =IF(M18="","",M18) | Q18: =IF(P18="","",P18*12) | R18: =IF(Q18="","",Q18/10000) | S18: =IF(P18="","",P18) | T18: =IF(S18="","",S18*12) | U18: =IF(T18="","",T18/10000) | V18: =IF(S18="","",S18) | W18: =IF(V18="","",V18*12) | X18: =IF(W18="","",W18/10000) | Y18: =IF(V18="","",V18) | Z18: =IF(Y18="","",Y18*12) | AA18: =IF(Z18="","",Z18/10000) | AB18: =IF(Y18="","",Y18) | AC18: =IF(AB18="","",AB18*12) | AD18: =IF(AC18="","",AC18/10000) | AE18: =IF(AB18="","",AB18) | AF18: =IF(AE18="","",AE18*12) | AG18: =IF(AF18="","",AF18/10000)
C19: 管理費（マンション） | E19: =IF(D19="","",D19*12) | F19: =IF(E19="","",E19/10000) | G19: =IF(D19="","",D19) | H19: =IF(G19="","",G19*12) | I19: =IF(H19="","",H19/10000) | J19: =IF(G19="","",G19) | K19: =IF(J19="","",J19*12) | L19: =IF(K19="","",K19/10000) | M19: =IF(J19="","",J19) | N19: =IF(M19="","",M19*12) | O19: =IF(N19="","",N19/10000) | P19: =IF(M19="","",M19) | Q19: =IF(P19="","",P19*12) | R19: =IF(Q19="","",Q19/10000) | S19: =IF(P19="","",P19) | T19: =IF(S19="","",S19*12) | U19: =IF(T19="","",T19/10000) | V19: =IF(S19="","",S19) | W19: =IF(V19="","",V19*12) | X19: =IF(W19="","",W19/10000) | Y19: =IF(V19="","",V19) | Z19: =IF(Y19="","",Y19*12) | AA19: =IF(Z19="","",Z19/10000) | AB19: =IF(Y19="","",Y19) | AC19: =IF(AB19="","",AB19*12) | AD19: =IF(AC19="","",AC19/10000) | AE19: =IF(AB19="","",AB19) | AF19: =IF(AE19="","",AE19*12) | AG19: =IF(AF19="","",AF19/10000)
C20: 修繕積立金（マンション） | E20: =IF(D20="","",D20*12) | F20: =IF(E20="","",E20/10000) | G20: =IF(D20="","",D20) | H20: =IF(G20="","",G20*12) | I20: =IF(H20="","",H20/10000) | J20: =IF(G20="","",G20) | K20: =IF(J20="","",J20*12) | L20: =IF(K20="","",K20/10000) | M20: =IF(J20="","",J20) | N20: =IF(M20="","",M20*12) | O20: =IF(N20="","",N20/10000) | P20: =IF(M20="","",M20) | Q20: =IF(P20="","",P20*12) | R20: =IF(Q20="","",Q20/10000) | S20: =IF(P20="","",P20) | T20: =IF(S20="","",S20*12) | U20: =IF(T20="","",T20/10000) | V20: =IF(S20="","",S20) | W20: =IF(V20="","",V20*12) | X20: =IF(W20="","",W20/10000) | Y20: =IF(V20="","",V20) | Z20: =IF(Y20="","",Y20*12) | AA20: =IF(Z20="","",Z20/10000) | AB20: =IF(Y20="","",Y20) | AC20: =IF(AB20="","",AB20*12) | AD20: =IF(AC20="","",AC20/10000) | AE20: =IF(AB20="","",AB20) | AF20: =IF(AE20="","",AE20*12) | AG20: =IF(AF20="","",AF20/10000)
C21: 駐車場代 | E21: =IF(D21="","",D21*12) | F21: =IF(E21="","",E21/10000) | G21: =IF(D21="","",D21) | H21: =IF(G21="","",G21*12) | I21: =IF(H21="","",H21/10000) | J21: =IF(G21="","",G21) | K21: =IF(J21="","",J21*12) | L21: =IF(K21="","",K21/10000) | M21: =IF(J21="","",J21) | N21: =IF(M21="","",M21*12) | O21: =IF(N21="","",N21/10000) | P21: =IF(M21="","",M21) | Q21: =IF(P21="","",P21*12) | R21: =IF(Q21="","",Q21/10000) | S21: =IF(P21="","",P21) | T21: =IF(S21="","",S21*12) | U21: =IF(T21="","",T21/10000) | V21: =IF(S21="","",S21) | W21: =IF(V21="","",V21*12) | X21: =IF(W21="","",W21/10000) | Y21: =IF(V21="","",V21) | Z21: =IF(Y21="","",Y21*12) | AA21: =IF(Z21="","",Z21/10000) | AB21: =IF(Y21="","",Y21) | AC21: =IF(AB21="","",AB21*12) | AD21: =IF(AC21="","",AC21/10000) | AE21: =IF(AB21="","",AB21) | AF21: =IF(AE21="","",AE21*12) | AG21: =IF(AF21="","",AF21/10000)
C22: 地代（借地の場合） | E22: =IF(D22="","",D22*12) | F22: =IF(E22="","",E22/10000) | G22: =IF(D22="","",D22) | H22: =IF(G22="","",G22*12) | I22: =IF(H22="","",H22/10000) | J22: =IF(G22="","",G22) | K22: =IF(J22="","",J22*12) | L22: =IF(K22="","",K22/10000) | M22: =IF(J22="","",J22) | N22: =IF(M22="","",M22*12) | O22: =IF(N22="","",N22/10000) | P22: =IF(M22="","",M22) | Q22: =IF(P22="","",P22*12) | R22: =IF(Q22="","",Q22/10000) | S22: =IF(P22="","",P22) | T22: =IF(S22="","",S22*12) | U22: =IF(T22="","",T22/10000) | V22: =IF(S22="","",S22) | W22: =IF(V22="","",V22*12) | X22: =IF(W22="","",W22/10000) | Y22: =IF(V22="","",V22) | Z22: =IF(Y22="","",Y22*12) | AA22: =IF(Z22="","",Z22/10000) | AB22: =IF(Y22="","",Y22) | AC22: =IF(AB22="","",AB22*12) | AD22: =IF(AC22="","",AC22/10000) | AE22: =IF(AB22="","",AB22) | AF22: =IF(AE22="","",AE22*12) | AG22: =IF(AF22="","",AF22/10000)
C23: その他 | E23: =IF(D23="","",D23*12) | F23: =IF(E23="","",E23/10000) | G23: =IF(D23="","",D23) | H23: =IF(G23="","",G23*12) | I23: =IF(H23="","",H23/10000) | J23: =IF(G23="","",G23) | K23: =IF(J23="","",J23*12) | L23: =IF(K23="","",K23/10000) | M23: =IF(J23="","",J23) | N23: =IF(M23="","",M23*12) | O23: =IF(N23="","",N23/10000) | P23: =IF(M23="","",M23) | Q23: =IF(P23="","",P23*12) | R23: =IF(Q23="","",Q23/10000) | S23: =IF(P23="","",P23) | T23: =IF(S23="","",S23*12) | U23: =IF(T23="","",T23/10000) | V23: =IF(S23="","",S23) | W23: =IF(V23="","",V23*12) | X23: =IF(W23="","",W23/10000) | Y23: =IF(V23="","",V23) | Z23: =IF(Y23="","",Y23*12) | AA23: =IF(Z23="","",Z23/10000) | AB23: =IF(Y23="","",Y23) | AC23: =IF(AB23="","",AB23*12) | AD23: =IF(AC23="","",AC23/10000) | AE23: =IF(AB23="","",AB23) | AF23: =IF(AE23="","",AE23*12) | AG23: =IF(AF23="","",AF23/10000)
C24: 年払い | E24: =SUM(E25:E28) -> 0 | F24: =E24/10000 -> 0 | H24: =SUM(H25:H28) -> 0 | I24: =H24/10000 -> 0 | K24: =SUM(K25:K28) -> 0 | L24: =K24/10000 -> 0 | N24: =SUM(N25:N28) -> 0 | O24: =N24/10000 -> 0 | Q24: =SUM(Q25:Q28) -> 0 | R24: =Q24/10000 -> 0 | T24: =SUM(T25:T28) -> 0 | U24: =T24/10000 -> 0 | W24: =SUM(W25:W28) -> 0 | X24: =W24/10000 -> 0 | Z24: =SUM(Z25:Z28) -> 0 | AA24: =Z24/10000 -> 0 | AC24: =SUM(AC25:AC28) -> 0 | AD24: =AC24/10000 -> 0 | AF24: =SUM(AF25:AF28) -> 0 | AG24: =AF24/10000 -> 0
C25: 固定資産税・都市計画税 | F25: =IF(E25="","",E25/10000) | H25: =IF(E25="","",E25) | I25: =IF(H25="","",H25/10000) | K25: =IF(H25="","",H25) | L25: =IF(K25="","",K25/10000) | N25: =IF(K25="","",K25) | O25: =IF(N25="","",N25/10000) | Q25: =IF(N25="","",N25) | R25: =IF(Q25="","",Q25/10000) | T25: =IF(Q25="","",Q25) | U25: =IF(T25="","",T25/10000) | W25: =IF(T25="","",T25) | X25: =IF(W25="","",W25/10000) | Z25: =IF(W25="","",W25) | AA25: =IF(Z25="","",Z25/10000) | AC25: =IF(Z25="","",Z25) | AD25: =IF(AC25="","",AC25/10000) | AF25: =IF(AC25="","",AC25) | AG25: =IF(AF25="","",AF25/10000)
C26: 自治会費・町内会費 | F26: =IF(E26="","",E26/10000) | H26: =IF(E26="","",E26) | I26: =IF(H26="","",H26/10000) | K26: =IF(H26="","",H26) | L26: =IF(K26="","",K26/10000) | N26: =IF(K26="","",K26) | O26: =IF(N26="","",N26/10000) | Q26: =IF(N26="","",N26) | R26: =IF(Q26="","",Q26/10000) | T26: =IF(Q26="","",Q26) | U26: =IF(T26="","",T26/10000) | W26: =IF(T26="","",T26) | X26: =IF(W26="","",W26/10000) | Z26: =IF(W26="","",W26) | AA26: =IF(Z26="","",Z26/10000) | AC26: =IF(Z26="","",Z26) | AD26: =IF(AC26="","",AC26/10000) | AF26: =IF(AC26="","",AC26) | AG26: =IF(AF26="","",AF26/10000)
C27: 地代（年払いの場合） | F27: =IF(E27="","",E27/10000) | H27: =IF(E27="","",E27) | I27: =IF(H27="","",H27/10000) | K27: =IF(H27="","",H27) | L27: =IF(K27="","",K27/10000) | N27: =IF(K27="","",K27) | O27: =IF(N27="","",N27/10000) | Q27: =IF(N27="","",N27) | R27: =IF(Q27="","",Q27/10000) | T27: =IF(Q27="","",Q27) | U27: =IF(T27="","",T27/10000) | W27: =IF(T27="","",T27) | X27: =IF(W27="","",W27/10000) | Z27: =IF(W27="","",W27) | AA27: =IF(Z27="","",Z27/10000) | AC27: =IF(Z27="","",Z27) | AD27: =IF(AC27="","",AC27/10000) | AF27: =IF(AC27="","",AC27) | AG27: =IF(AF27="","",AF27/10000)
C28: その他 | F28: =IF(E28="","",E28/10000) | H28: =IF(E28="","",E28) | I28: =IF(H28="","",H28/10000) | K28: =IF(H28="","",H28) | L28: =IF(K28="","",K28/10000) | N28: =IF(K28="","",K28) | O28: =IF(N28="","",N28/10000) | Q28: =IF(N28="","",N28) | R28: =IF(Q28="","",Q28/10000) | T28: =IF(Q28="","",Q28) | U28: =IF(T28="","",T28/10000) | W28: =IF(T28="","",T28) | X28: =IF(W28="","",W28/10000) | Z28: =IF(W28="","",W28) | AA28: =IF(Z28="","",Z28/10000) | AC28: =IF(Z28="","",Z28) | AD28: =IF(AC28="","",AC28/10000) | AF28: =IF(AC28="","",AC28) | AG28: =IF(AF28="","",AF28/10000)
B29: 住居費 合計 | D29: =SUM(D8,D17) -> 0 | E29: =SUM(E8,E13,E17,E24) -> 0 | F29: =E29/10000 -> 0 | G29: =SUM(G8,G17) -> 0 | H29: =SUM(H8,H13,H17,H24) -> 0 | I29: =H29/10000 -> 0 | J29: =SUM(J8,J17) -> 0 | K29: =SUM(K8,K13,K17,K24) -> 0 | L29: =K29/10000 -> 0 | M29: =SUM(M8,M17) -> 0 | N29: =SUM(N8,N13,N17,N24) -> 0 | O29: =N29/10000 -> 0 | P29: =SUM(P8,P17) -> 0 | Q29: =SUM(Q8,Q13,Q17,Q24) -> 0 | R29: =Q29/10000 -> 0 | S29: =SUM(S8,S17) -> 0 | T29: =SUM(T8,T13,T17,T24) -> 0 | U29: =T29/10000 -> 0 | V29: =SUM(V8,V17) -> 0 | W29: =SUM(W8,W13,W17,W24) -> 0 | X29: =W29/10000 -> 0 | Y29: =SUM(Y8,Y17) -> 0 | Z29: =SUM(Z8,Z13,Z17,Z24) -> 0 | AA29: =Z29/10000 -> 0 | AB29: =SUM(AB8,AB17) -> 0 | AC29: =SUM(AC8,AC13,AC17,AC24) -> 0 | AD29: =AC29/10000 -> 0 | AE29: =SUM(AE8,AE17) -> 0 | AF29: =SUM(AF8,AF13,AF17,AF24) -> 0 | AG29: =AF29/10000 -> 0

Sheet 集計
B1: 将来の住居費の変更予定
B2: № | C2: 適用開始年 | D2: 本人年齢 | E2: 変更理由 | F2: 月払い合計（月額円） | G2: 年払い合計（年額円） | H2: 年間住居費合計（万円） | I2: 前回との差額（万円） | J2: 確認
B3: 1 | C3: =IF(住居費!D$4="","",住居費!D$4) | D3: =IF(住居費!D$4="","",住居費!D$5) | E3: =IF(住居費!D$4="","",住居費!D$6) | F3: =IF(住居費!D$4="","",住居費!D$29) | G3: =IF(住居費!D$4="","",住居費!E$13+住居費!E$24) | H3: =IF(住居費!D$4="","",住居費!F$29)
B4: 2 | C4: =IF(住居費!G$4="","",住居費!G$4) | D4: =IF(住居費!G$4="","",住居費!G$5) | E4: =IF(住居費!G$4="","",住居費!G$6) | F4: =IF(住居費!G$4="","",住居費!G$29) | G4: =IF(住居費!G$4="","",住居費!H$13+住居費!H$24) | H4: =IF(住居費!G$4="","",住居費!I$29) | I4: =IF(OR(H4="",H3=""),"",H4-H3) | J4: =IF(C4="","",IF(C3="","前の適用開始年を入力",IF(C4<=C3,"開始年を確認","")))
B5: 3 | C5: =IF(住居費!J$4="","",住居費!J$4) | D5: =IF(住居費!J$4="","",住居費!J$5) | E5: =IF(住居費!J$4="","",住居費!J$6) | F5: =IF(住居費!J$4="","",住居費!J$29) | G5: =IF(住居費!J$4="","",住居費!K$13+住居費!K$24) | H5: =IF(住居費!J$4="","",住居費!L$29) | I5: =IF(OR(H5="",H4=""),"",H5-H4) | J5: =IF(C5="","",IF(C4="","前の適用開始年を入力",IF(C5<=C4,"開始年を確認","")))
B6: 4 | C6: =IF(住居費!M$4="","",住居費!M$4) | D6: =IF(住居費!M$4="","",住居費!M$5) | E6: =IF(住居費!M$4="","",住居費!M$6) | F6: =IF(住居費!M$4="","",住居費!M$29) | G6: =IF(住居費!M$4="","",住居費!N$13+住居費!N$24) | H6: =IF(住居費!M$4="","",住居費!O$29) | I6: =IF(OR(H6="",H5=""),"",H6-H5) | J6: =IF(C6="","",IF(C5="","前の適用開始年を入力",IF(C6<=C5,"開始年を確認","")))
B7: 5 | C7: =IF(住居費!P$4="","",住居費!P$4) | D7: =IF(住居費!P$4="","",住居費!P$5) | E7: =IF(住居費!P$4="","",住居費!P$6) | F7: =IF(住居費!P$4="","",住居費!P$29) | G7: =IF(住居費!P$4="","",住居費!Q$13+住居費!Q$24) | H7: =IF(住居費!P$4="","",住居費!R$29) | I7: =IF(OR(H7="",H6=""),"",H7-H6) | J7: =IF(C7="","",IF(C6="","前の適用開始年を入力",IF(C7<=C6,"開始年を確認","")))
B8: 6 | C8: =IF(住居費!S$4="","",住居費!S$4) | D8: =IF(住居費!S$4="","",住居費!S$5) | E8: =IF(住居費!S$4="","",住居費!S$6) | F8: =IF(住居費!S$4="","",住居費!S$29) | G8: =IF(住居費!S$4="","",住居費!T$13+住居費!T$24) | H8: =IF(住居費!S$4="","",住居費!U$29) | I8: =IF(OR(H8="",H7=""),"",H8-H7) | J8: =IF(C8="","",IF(C7="","前の適用開始年を入力",IF(C8<=C7,"開始年を確認","")))
B9: 7 | C9: =IF(住居費!V$4="","",住居費!V$4) | D9: =IF(住居費!V$4="","",住居費!V$5) | E9: =IF(住居費!V$4="","",住居費!V$6) | F9: =IF(住居費!V$4="","",住居費!V$29) | G9: =IF(住居費!V$4="","",住居費!W$13+住居費!W$24) | H9: =IF(住居費!V$4="","",住居費!X$29) | I9: =IF(OR(H9="",H8=""),"",H9-H8) | J9: =IF(C9="","",IF(C8="","前の適用開始年を入力",IF(C9<=C8,"開始年を確認","")))
B10: 8 | C10: =IF(住居費!Y$4="","",住居費!Y$4) | D10: =IF(住居費!Y$4="","",住居費!Y$5) | E10: =IF(住居費!Y$4="","",住居費!Y$6) | F10: =IF(住居費!Y$4="","",住居費!Y$29) | G10: =IF(住居費!Y$4="","",住居費!Z$13+住居費!Z$24) | H10: =IF(住居費!Y$4="","",住居費!AA$29) | I10: =IF(OR(H10="",H9=""),"",H10-H9) | J10: =IF(C10="","",IF(C9="","前の適用開始年を入力",IF(C10<=C9,"開始年を確認","")))
B11: 9 | C11: =IF(住居費!AB$4="","",住居費!AB$4) | D11: =IF(住居費!AB$4="","",住居費!AB$5) | E11: =IF(住居費!AB$4="","",住居費!AB$6) | F11: =IF(住居費!AB$4="","",住居費!AB$29) | G11: =IF(住居費!AB$4="","",住居費!AC$13+住居費!AC$24) | H11: =IF(住居費!AB$4="","",住居費!AD$29) | I11: =IF(OR(H11="",H10=""),"",H11-H10) | J11: =IF(C11="","",IF(C10="","前の適用開始年を入力",IF(C11<=C10,"開始年を確認","")))
B12: 10 | C12: =IF(住居費!AE$4="","",住居費!AE$4) | D12: =IF(住居費!AE$4="","",住居費!AE$5) | E12: =IF(住居費!AE$4="","",住居費!AE$6) | F12: =IF(住居費!AE$4="","",住居費!AE$29) | G12: =IF(住居費!AE$4="","",住居費!AF$13+住居費!AF$24) | H12: =IF(住居費!AE$4="","",住居費!AG$29) | I12: =IF(OR(H12="",H11=""),"",H12-H11) | J12: =IF(C12="","",IF(C11="","前の適用開始年を入力",IF(C12<=C11,"開始年を確認","")))
B15: キャッシュフロー表の「住居費」欄には、適用開始年ごとの年間住居費合計（万円）を入力してください。

Sheet 入力の考え方
B1: 入力の考え方
B2: 月払いの項目は1か月あたりの金額、年払いの項目は1年間に支払う金額を入力してください。
B3: 賃貸：家賃、管理費・共益費、駐車場代、更新料、保証会社更新料などを入力します。
B4: 持ち家：住宅ローン、マンション管理費・修繕積立金、固定資産税などを入力します。
B5: 戸建住宅で自分の預金へ積み立てる修繕資金は支出ではありません。実際の修繕費は「一時的支出」に入力してください。
B6: 地代は、建物を所有し土地を借りている場合だけ入力します。月払い・年払いの該当する方を使用してください。
B7: 火災保険・地震保険は「保険料」、大規模なリフォーム費用は「一時的支出」に入力し、重複を避けてください。
B8: No.1に現在の金額を入力し、No.2以降は前の区分を自動で引き継ぎます。変更した項目だけ上書きしてください。
B9: 適用開始年は古い順に、No.1から続けて入力してください。集計シートで前回との差額を確認できます。
